 Dungeon Crawl Stone Soup version 0.18.1-48-g4cf74bf (webtiles) character file.

50 Melfield the Skirmisher (level 3, 0/24 HPs)
             Began as a Gargoyle Fighter on Aug 12, 2016.
             Slain by a goblin (5 damage)
             ... led by Robin
             ... on level 2 of the Dungeon.
             The game lasted 00:02:52 (850 turns).

Melfield the Skirmisher (Gargoyle Fighter)           Turns: 850, Time: 00:02:53

Health: 0/24       AC: 10    Str: 24    XL:     3   Next: 79%
Magic:  3/3        EV:  8    Int:  8    God:
Gold:   43         SH:  9    Dex: 10    Spells: 0 memorised, 2 levels left

rFire  . . .     SeeInvis .     a - +0 flail
rCold  . . .     Gourm    .     b - +0 scale mail
rNeg   + . .     Faith    .     c - +0 shield
rPois  ∞         Spirit   .     (no helmet)
rElec  +         Dismiss  .     (no cloak)
rCorr  .         Reflect  .     (no gloves)
SustAt .         Harm     .     (no boots)
MR     .....                    (no amulet)
Stlth  ..........               (no ring)
                                (no ring)

@: mighty, not resistant to hostile enchantments, extremely unstealthy
A: negative energy resistance 1, electricity resistance, unbreathing,
petrification resistance, rot immunity, AC +3
a: no special abilities


You were on level 2 of the Dungeon.
You were not hungry.

You visited 1 branch of the dungeon, and saw 2 of its levels.

You collected 43 gold pieces.

Inventory:

Hand Weapons
 a - a +0 flail (weapon)
Armour
 b - a +0 scale mail (worn)
 c - a +0 shield (worn)
Scrolls
 e - a scroll of identify {unknown}
 j - a scroll of remove curse {unknown}
 l - a scroll of recharging {unknown}
Potions
 d - 3 potions of might
 i - a potion of haste {unknown}
 k - a potion of cancellation {unknown}
Comestibles
 f - a bread ration
 h - 2 beef jerkies


   Skills:
 + Level 4.5 Fighting
 - Level 2.0 Maces & Flails
 - Level 3.2 Armour
 + Level 1.2 Dodging
 - Level 3.2 Shields


You had 2 spell levels left.
You didn't know any spells.

Dungeon Overview and Level Annotations

Branches:
Dungeon (2/15)

Altars:

Annotations:
D:2 Robin


Innate Abilities, Weirdness & Mutations

You are resistant to torment.
Your stone body is resilient (AC +3).
You are immune to poison.
You resist negative energy.
You are resistant to electric shocks.
You can survive without breathing.
You are immune to petrification.
You are immune to rotting.


Message History

You sock the goblin!
You kill the goblin!
You block the goblin's attack. x3; The goblin closely misses you.
The goblin hits you with a dagger. The goblin hits you but does no damage.
You closely miss the goblin. The goblin closely misses you.
You block the goblin's attack. The goblin hits you but does no damage.
The goblin hits you with a dagger. The goblin barely misses you.
The goblin hits you but does no damage. You block the goblin's attack.
The goblin barely misses you. The goblin hits you but does no damage.
The goblin completely misses you. The goblin hits you but does no damage.
You feel very mighty all of a sudden. The goblin hits you but does no damage.
The goblin hits you with a dagger.
* * * LOW HITPOINT WARNING * * *
The goblin hits you but does no damage. The goblin closely misses you.
The goblin barely misses you. The goblin hits you with a club.
* * * LOW HITPOINT WARNING * * *
As you read the scroll labeled FOKHLOLASIPS, it crumbles to dust.
The scroll dissolves into smoke.
It was a scroll of fog.
You block the goblin's attack. x2; The goblin hits you.
You die...

#. ... .. #. ..... #.#
..#. #.. ... . #. ...
..#..###.. ## #. ..#
#.#g...... .# #.#
#.###.#gg.....
.#####.####.#.§§ggg.##.#
....##.##.....§g@gg....#
.##.##.##.#.#.#gg#g.####
................§#.....
#.#.##........##.# #####
#.#.##..#.##..##.#.#
#.#.......##.......#
#.####..####.###.###
#.####..####.# #.#
#....<...†...# #.#


You could see 2 hobgoblins and 9 goblins.

Vanquished Creatures
  Ijyb (D:2)
  A bat (D:1)
  7 goblins
  5 hobgoblins (D:1)
  3 giant newts (D:1)
  4 kobolds (D:1)
21 creatures vanquished.

Notes
Turn   | Place    | Note
--------------------------------------------------------------
     0 | D:1      | Melfield the Gargoyle Fighter began the quest for the Orb.
     0 | D:1      | Reached XP level 1. HP: 14/14 MP: 1/1
   183 | D:1      | Reached XP level 2. HP: 20/20 MP: 2/2
   185 | D:1      | Reached skill level 4 in Fighting
   777 | D:2      | Noticed Ijyb
   802 | D:2      | Killed Ijyb
   802 | D:2      | Reached skill level 1 in Dodging
   802 | D:2      | Reached XP level 3. HP: 22/24 MP: 3/3
   838 | D:2      | Noticed Robin
   850 | D:2      | Slain by a goblin

Skill      XL: |  1  2 |
---------------+-------+-----
Fighting       | 4 |  4.5
Dodging        | 1 |  1.2
Maces & Flails | |  2.0
Armour         | |  3.2
Shields        | |  3.2

Action                   || total
-------------------------++-------
Melee: Flail             ||    92
  Use: Scroll            ||     1
       Potion            ||     1
Armor: Scale mail        ||    67
Dodge: Dodged            ||    42
Block: Shield            ||    66
